 Dungeon Crawl Stone Soup version 0.27-a0-1591-gc56fcc985a (webtiles) character file.

Game seed: 1160354095375606949

1394 robertstho the Spear-Bearer (level 8, -1/65 HPs)
             Began as a Merfolk Gladiator on July 19, 2021.
             Slain by a gnoll (5 damage)
             ... on level 5 of the Dungeon.
             The game lasted 00:08:36 (4510 turns).

robertstho the Spear-Bearer (Merfolk Gladiator)     Turns: 4510, Time: 00:08:37

Health: -1/65      AC: 11    Str: 16    XL:     8   Next: 68%
Magic:  8/8        EV: 13    Int:  7    God:
Gold:   166        SH:  0    Dex: 16    Spells: 7/7 levels left

rFire    . . .     SeeInvis .   a - +0 trident
rCold    . . .     Faith    .   (no shield)
rNeg     . . .     Spirit   .   p - +0 chain mail
rPois    .         Reflect  .   c - +1 helmet
rElec    .         Harm     .   (no cloak)
rCorr    .         Rampage  .   (no gloves)
Will     .....                  (no boots)
Stlth    ..........             (no amulet)
HPRegen  0.20/turn              h - +4 ring of evasion
MPRegen  0.11/turn              (no ring)

@: no status effects
A: (nimble swimmer 2), mertail
a: no special abilities


You were on level 5 of the Dungeon.
You visited 1 branch of the dungeon, and saw 5 of its levels.

You collected 166 gold pieces.

Inventory:

Hand Weapons
 a - a +0 trident (weapon)
Missiles
 d - 3 throwing nets (quivered)
Armour
 c - a +1 helmet (worn)
 p - a +0 chain mail (worn)
Jewellery
 h - a +4 ring of evasion (left hand)
Wands
 b - a wand of flame (8)
 m - a wand of acid (4)
Scrolls
 f - a scroll of silence
 g - a scroll of immolation
 i - a scroll of noise
 l - a scroll of magic mapping


   Skills:
 * Level 6.5 Fighting
 + Level 10.3 Polearms
 + Level 2.2 Throwing
 + Level 2.8 Armour
 + Level 5.5 Dodging
 + Level 2.3 Stealth
 + Level 0.2 Evocations


You had 7 spell levels left.
You didn't know any spells.
Your spell library contained the following spells:

 Spells                   Type           Power      Damage    Failure   Level
 Magic Dart               Conj           0%         1d3       100%        1
 Searing Ray              Conj           0%         3d3       100%        2
 Fulminant Prism          Conj/Hex       0%         3d6       100%        4


Dungeon Overview and Level Annotations

Branches:
Dungeon (5/15)
 Temple: D:4-7

Altars:
Gozag
Nemelex Xobeh
Trog

Shops:
D:4 :


Innate Abilities, Weirdness & Mutations

((You are quick and stealthy near water. (Stealth+, EV+, Speed+++)))
Your lower body shifts to a powerful aquatic tail in water.


Message History

You hit the gnoll but do no damage.
The gnoll is severely wounded.
The gnoll hits you with a +0 whip.
You barely miss the gnoll.
The gnoll is severely wounded.
The gnoll hits you with a +0 whip.
You puncture the gnoll!
You kill the gnoll!
The gnoll shaman closely misses you.
The gnoll drinks a potion.
The gnoll seems to grow stronger.
Things that are here:
a +0 whip; a gnoll corpse You barely miss the gnoll shaman.
The gnoll shaman hits you with a +0 war axe.
You puncture the gnoll shaman!
The gnoll shaman is severely wounded.
The gnoll shaman closely misses you.
You hit the gnoll shaman.
The gnoll shaman is severely wounded.
The gnoll shaman hits you with a +0 war axe.
* * * LOW HITPOINT WARNING * * *
You barely miss the gnoll shaman.
The gnoll shaman is severely wounded.
The gnoll shaman hits you with a +0 war axe!
* * * LOW HITPOINT WARNING * * *
You puncture the gnoll shaman!
You kill the gnoll shaman!
The gnoll barely misses you.
You closely miss the gnoll. The gnoll hits you with a +0 club.
* * * LOW HITPOINT WARNING * * *
You hit the gnoll but do no damage. The gnoll hits you with a +0 club.
* * * LOW HITPOINT WARNING * * *
You barely miss the gnoll. The gnoll hits you but does no damage.
You hit the gnoll.
The gnoll is moderately wounded.
The gnoll hits you but does no damage.
You puncture the gnoll!
The gnoll is almost dead.
The gnoll hits you with a +0 club.
You die...

##.#..†g.....# #
###..[..g......#
##
....#.##.#######
)##.#..##.##.#
..#..........#
#..........>.#####
..#..........g...#
.## ..$......###g#
## ........# #@#
## #####.### #.#
.# #. #.....(.# .#
#. #.....?.# .# #[
#.......# .#
#.......# .#
#.......# ./
....)...# .#
##.....|.#


You could see a gnoll (fast, strong).

Vanquished Creatures
  Pikel (D:5)
  A vampire mosquito (D:5)
  A black bear (D:4)
  An ice beast (D:5)
  A necrophage (D:4)
  2 lemures (D:4)
  A phantom (D:5)
  A scorpion (D:3)
  A howler monkey (D:5)
  A gnoll shaman (D:5)
  A hound (D:5)
  Ijyb (D:5)
  A centaur skeleton (D:4)
  An iguana (D:5)
  3 orc wizards
  11 gnolls
  3 adders
  4 dart slugs
  6 orcs
  6 bats
  3 endoplasms
  2 giant cockroaches
  2 goblins
  3 hobgoblins
  4 jackals (D:2)
  5 quokkas
  2 ball pythons
  3 frilled lizards (D:1)
  5 kobolds
  9 rats
86 creatures vanquished.

Notes
Turn   | Place    | Note
-------+----------+-------------------------------------------
     0 | D:1      | robertstho the Merfolk Gladiator began the quest for the
                  | Orb.
     0 | D:1      | Reached XP level 1. HP: 16/16 MP: 1/1
   275 | D:1      | Reached XP level 2. HP: 23/23 MP: 2/2
  1194 | D:2      | Reached XP level 3. HP: 28/28 MP: 3/3
  1398 | D:2      | Reached skill level 5 in Polearms
  1829 | D:2      | Found a faded altar of an unknown god.
  1907 | D:3      | Noticed a scorpion
  2228 | D:3      | Reached skill level 1 in Stealth
  2255 | D:3      | Killed a scorpion
  2256 | D:3      | Reached XP level 4. HP: 9/35 MP: 4/4
  2256 | D:3      | Reached XP level 5. HP: 10/41 MP: 5/5
  2609 | D:3      | Found a bloodstained altar of Trog.
  2900 | D:3      | Found an opulent altar of Gozag.
  2900 | D:3      | Found a sparkling altar of Nemelex Xobeh.
  3061 | D:4      | Reached skill level 6 in Polearms
  3061 | D:4      | Reached skill level 1 in Armour
  3103 | D:4      | Reached XP level 6. HP: 20/48 MP: 6/6
  3478 | D:4      | Found Hacaefol's Book Shop.
  3494 | D:4      | Noticed a necrophage
  3508 | D:4      | Killed a necrophage
  3509 | D:4      | Reached skill level 5 in Dodging
  3692 | D:5      | Entered Level 5 of the Dungeon
  3712 | D:5      | Reached skill level 7 in Polearms
  3717 | D:5      | Noticed an ice beast
  3732 | D:5      | Killed an ice beast
  3733 | D:5      | Reached XP level 7. HP: 41/55 MP: 7/7
  3817 | D:5      | Noticed Pikel
  3988 | D:4      | Reached skill level 5 in Fighting
  3988 | D:4      | Reached skill level 8 in Polearms
  4150 | D:5      | Killed Pikel
  4151 | D:5      | Reached skill level 9 in Polearms
  4151 | D:5      | Reached XP level 8. HP: 42/64 MP: 8/8
  4197 | D:5      | Noticed Ijyb
  4205 | D:5      | Killed Ijyb
  4441 | D:5      | Reached skill level 10 in Polearms
  4507 | D:5      | HP: 3/65 [gnoll (2)]
  4510 | D:5      | Slain by a gnoll

Illustrated notes

Levels and vault maps discovered:
D:1:      matt_arrival_diagonals, layout_loops_corners
D:2:      layout_basic, shapermc_ecumenical_altar_notcrosses
D:3:      layout_rooms, mainiacjoe_overflow_chevrons,
          mainiacjoe_overflow_cross_hatched, grunt_temple_overflow_opulence,
          corexii_corridor_pit
D:4:      layout_basic, serial_shops, shop
D:5:      cheibrodos_barr_body, layout_rooms, uniq_crazy_yiuf_cottage,
          uniq_ijyb, uniq_pikel

Skill      XL: |  1  2  3  4  5  6  7  8 |
---------------+-------------------------+-----
Fighting       | 3 4 5 6 |  6.5
Polearms       | 5 6 7 9 10 | 10.3
Stealth        | 1 2 |  2.3
Armour         | 1 2 |  2.8
Dodging        | 5 |  5.5
Throwing       | |  2.2
Evocations     | |  0.2

Action                   |  1- 3 |  4- 6 |  7- 9 || total
-------------------------+-------+-------+-------++-------
Melee: Trident           |   132 |   130 |   171 ||   433
Evoke: Wand              |       |       |     4 ||     4
  Use: Scroll            |     3 |     2 |     4 ||     9
       Potion            |       |       |     4 ||     4
 Stab: Sleeping          |     4 |     3 |       ||     7
       Distracted        |     1 |       |       ||     1
Armor: Leather armour    |    41 |    14 |       ||    55
       Chain mail        |       |     8 |    97 ||   105
Dodge: Dodged            |    89 |    90 |    95 ||   274

Table legend: (Time is in decaauts)
 A = Elapsed time spent in this place.
 B = Non-inter-level travel time spent in this place.
 C = Inter-level travel time spent in this place.
 D = Time resting spent in this place.
 E = Time spent auto-exploring this place.
 F = Levels seen in this place.
 G = Mean time per level.
                   A        B        C        D        E       F      G
               +--------+--------+--------+--------+--------+-----+--------+
         Total |   4496 |   4318 |    178 |    852 |   2695 |   5 |  899.2 |
       Dungeon |   4496 |   4318 |    178 |    852 |   2695 |   5 |  899.2 |
               +--------+--------+--------+--------+--------+-----+--------+

Top non-repeatable levels by time:
     D:2: 1453 daAuts
     D:1: 1161 daAuts
     D:4: 989 daAuts
     D:5: 565 daAuts
     D:3: 326 daAuts
